 Dungeon Crawl Stone Soup version 0.28-b1-25-g9875b3fc8c (webtiles) character file.

Game seed: 12034150043845835637

5774 inmateoo the Changer (level 10, -4/111 HPs)
             Began as a Demonspawn Transmuter on Feb 8, 2022.
             Was a Believer of Cheibriados.
             Slain by a two-headed ogre (5 damage)
             ... on level 8 of the Dungeon.
             The game lasted 00:12:11 (10051 turns).

inmateoo the Changer (Demonspawn Transmuter)       Turns: 10051, Time: 00:12:12

Health: -4/111     AC: 25    Str: 18    XL:     10   Next: 49%
Magic:  0/18       EV:  2    Int: 24    God:    Cheibriados [**....]
Gold:   81         SH:  0    Dex: 25    Spells: 8/20 levels left

rFire   . . .      SeeInvis .     - Unarmed
rCold   . . .      Faith    .   (no shield)
rNeg    . . .      Spirit   +   (armour currently unavailable)
rPois   +          Reflect  .   (helmet currently unavailable)
rElec   .          Harm     .   (cloak currently unavailable)
rCorr   .          Rampage  .   (gloves currently unavailable)
Will    .....      NoTele   +   (boots currently unavailable)
Stlth   ++........              w - amulet of regeneration
HPRegen 1.08/turn               p - +6 ring of dexterity
MPRegen 0.32/turn               (no ring)

@: tree-form, wereblooded, very slow
A: stationary, stasis, torment immunity, boosted hp, (slimy green scales 2),
magic shield, magic regeneration, demonic magic 1, (demonic touch 1)
a: Renounce Religion, Bend Time


You were on level 8 of the Dungeon.
You worshipped Cheibriados.
Cheibriados was pleased with you.
You were a tree.
You visited 2 branches of the dungeon, and saw 9 of its levels.
You also visited: Sewer.

You collected 333 gold pieces.
You spent 252 gold pieces at shops.

Inventory:

Missiles
 e - 12 poisoned darts
Armour
 l - a +0 helmet (melded)
 r - a +0 cloak (melded)
 s - a +0 pair of boots (melded)
 A - a +0 pair of gloves (melded)
 C - +0 steam dragon scales (melded)
Jewellery
 g - a ring of fire
 p - a +6 ring of dexterity (left branch)
 w - an amulet of regeneration (around neck)
Wands
 b - a wand of mindburst (7)
 d - a wand of flame (12)
 o - a wand of polymorph (10)
 u - a wand of digging (5)
Scrolls
 a - a scroll of teleportation
 j - a scroll of blinking
 q - a scroll of fear
 t - 5 scrolls of amnesia
 v - a scroll of magic mapping
 y - a scroll of identify
 z - a scroll of fog
 D - a scroll of noise {unknown}
Potions
 c - 5 potions of curing
 f - a potion of resistance
 h - 3 potions of might
 i - 2 potions of mutation
 m - a potion of brilliance
 n - a potion of cancellation {unknown}
 x - a potion of attraction {unknown}
 B - a potion of flight {unknown}


   Skills:
 - Level 5.0 Fighting
 - Level 4.0 Dodging
 - Level 5.0 Unarmed Combat
 + Level 5.8 Spellcasting
 - Level 3.0 Hexes
 - Level 5.0 Necromancy
 + Level 5.9 Transmutations
 + Level 4.9 Earth Magic
 - Level 4.0 Poison Magic
 + Level 4.1 Invocations
 + Level 4.3 Evocations


You had 8 spell levels left.
You knew the following spells:

 Your Spells              Type           Power      Damage    Failure   Level
a - Beastly Appendage     Tmut           70%        N/A       1%          1
b - Wereblood             Tmut           35%        N/A       1%          2
c - Spider Form           Tmut/Pois      30%        N/A       3%          3
d - Slow                  Hex            84%        N/A       2%          1
e - Borgnjor's Vile Clut  Necr/Erth      15%        N/A       28%         5

Your spell library contained the following spells:

 Spells                   Type           Power      Damage    Failure   Level
 Animate Skeleton         Necr           60%        N/A       1%          1
 Sandblast                Erth           60%        2d14      1%          1
 Passwall                 Tmut/Erth      27%        N/A       1%          2
 Vampiric Draining        Necr           30%        2d8       3%          3
 Corpse Rot               Necr/Air       36%        N/A       4%          2
 Poisonous Vapours        Pois/Air       32%        N/A       5%          2
 Confusing Touch          Hex            21%        N/A       7%          3
 Stone Arrow              Conj/Erth      36%        3d9       9%          3
 Cause Fear               Hex            10%        N/A       24%         4
 Ice Form                 Ice/Tmut       21%        N/A       24%         4
 Yara's Violent Unravell  Hex/Tmut       14%        3d7       36%         5


Dungeon Overview and Level Annotations

Branches:
Dungeon (8/15)             Temple (1/1) D:6           Sewer (visited)
   Lair: D:8-11

Altars:
Ashenzari
Cheibriados
Dithmenos
Elyvilon
Fedhas
Gozag
Hepliaklqana
Kikubaaqudgha
Makhleb
Nemelex Xobeh
Okawaru
Qazlal
Ru
Sif Muna
Trog
Uskayaw
Vehumet
Wu Jian
Xom
Yredelemnul
Zin
The Shining One

Shops:
D:1 (   D:3 (   D:6 (   D:7 [[


Innate Abilities, Weirdness & Mutations

You are a tree.
Your roots penetrate the ground, keeping you stationary.
You cannot be teleported.
You are immune to unholy pain and torment.
Your maximum health is greatly increased.
Your equipment is partially melded.
((You are mostly covered in slimy green scales. (AC +3)))
When hurt, damage is shared between your health and your magic reserves.
You regenerate magic rapidly.
Spells you cast may paralyse adjacent enemies.
((Your touch may inflict minor irresistible damage on your foes.))


Message History

The two-headed ogre struggles to resist.
The two-headed ogre hits you with a +0 giant club!!
* * * LOW HITPOINT WARNING * * *
The two-headed ogre barely misses you.
Aiming: Mindburst
Press: ? - help, Shift-Dir - straight line, f/p - two-headed ogre
Aim: a two-headed ogre, wielding two +0 giant clubs (heavily wounded, chance to affect: 66%)
The two-headed ogre struggles to resist.
The two-headed ogre completely misses you.
The two-headed ogre hits you with a +0 giant club.
* * * LOW HITPOINT WARNING * * *
Really quaff the potion of lignification?
Your horns disappear.
Your talons disappear.
Your +0 helmet unmelds from your body.
Your +0 pair of boots unmelds from your body.
You turn into a tree.
Your +0 cloak melds into your body.
Your +0 helmet melds into your body.
Your +0 pair of gloves melds into your body.
Your +0 pair of boots melds into your body.
Your +0 steam dragon scales melds into your body.
Your roots penetrate the ground.
The orc wizard mumbles some strange words.
The orc wizard flickers and vanishes!
Deactivating autopickup; reactivate with Ctrl-A.
You hit the two-headed ogre.
The two-headed ogre is heavily wounded.
The two-headed ogre hits you with a +0 giant club.
* * * LOW HITPOINT WARNING * * *
The two-headed ogre hits you but does no damage.
You hit the two-headed ogre.
The two-headed ogre is severely wounded.
The two-headed ogre hits you but does no damage.
The two-headed ogre hits you with a +0 giant club!
* * * LOW HITPOINT WARNING * * *
You smack the two-headed ogre!
The two-headed ogre is almost dead.
The two-headed ogre hits you with a +0 giant club!
* * * LOW HITPOINT WARNING * * *
The two-headed ogre hits you with a +0 giant club.
You die...

###...#####..##
###....## #.>###
##...##.# #.....
########..####.#
#..###.
.......).## #†#
#..# ##
##....)## ###
#.# # #....)#
##### .. ##
###....{##....#
.#. #.
#......oO♣.# ..
##
..#...†o###....#
# #....)# ...#
#(....# ..# ##
......... ..#
###. #########
.# #... # #.##
###


You could see a two-headed ogre, an orc warrior and an orc.

Vanquished Creatures
  A centaur warrior (D:7)
  2 two-headed ogres
  A steam dragon (D:8)
  3 wyverns
  2 water moccasins
  3 ice beasts
  3 orc warriors
  A sky beast (D:7)
  3 centaurs
  8 bullfrogs
  7 scorpions
  A wyvern skeleton (D:7)
  7 wights (D:7)
  An electric eel (D:7)
  A howler monkey (D:8)
  2 centaur zombies
  4 hounds
  A jelly (D:6)
  A gnoll shaman (D:7)
  4 orc priests
  3 bullfrog skeletons
  A centaur skeleton (D:7)
  5 orc wizards
  An iguana (D:6)
  A killer bee zombie (D:7)
  A scorpion simulacrum (D:3)
  A gnoll (D:7)
  9 adders
  3 river rats
  A shadow imp (D:8)
  4 white imps
  An ufetubus (D:4)
  2 worms
  A dart slug (D:1)
  32 orcs
  8 endoplasms
  5 giant cockroaches
  12 goblins
  6 hobgoblins
  11 jackals
  4 quokkas
  11 ball pythons
  5 bats
  10 frilled lizards
  8 kobolds
  11 rats
213 creatures vanquished.

Vanquished Creatures (collateral kills)
  The ghost of ZodNigurash the Slasher, a weakling MiGl (D:3)
  A scorpion simulacrum (D:3)
  A hound simulacrum (D:3)
  A ball python simulacrum (D:3)
  A quokka simulacrum (D:3)
5 creatures vanquished.

Vanquished Creatures (others)
  A sky beast (D:7)
  20 fungi (D:3)
21 creatures vanquished.

Grand Total: 239 creatures vanquished

Notes
Turn   | Place    | Note
-------+----------+-------------------------------------------
     0 | D:1      | inmateoo the Demonspawn Transmuter began the quest for the
                  | Orb.
     0 | D:1      | Reached XP level 1. HP: 15/15 MP: 3/3
   403 | D:1      | Gained mutation: You regenerate magic rapidly. [demonic
                  | ancestry]
   403 | D:1      | Reached XP level 2. HP: 21/21 MP: 3/5
   404 | D:1      | Found Badohif's Antique Weapon Shoppe.
   457 | D:1      | Learned a level 2 spell: Wereblood
   760 | D:1      | Reached XP level 3. HP: 26/26 MP: 3/6
   766 | D:1      | Learned a level 3 spell: Spider Form
  1357 | D:2      | Found a faded altar of an unknown god.
  1609 | D:2      | Gained mutation: When hurt, damage is shared between your
                  | health and your magic reserves. [demonic ancestry]
  1609 | D:2      | Reached XP level 4. HP: 24/32 MP: 3/7
  1871 | D:2      | Found a stormy altar of Qazlal.
  2159 | D:3      | Reached skill level 1 in Poison Magic
  2337 | D:3      | Found a runed translucent gate.
  2337 | D:3      | Found a runed translucent gate.
  2337 | D:3      | Found a runed translucent gate.
  2440 | D:3      | Found a shimmering altar of Xom.
  2520 | D:3      | Gained mutation: Your touch may inflict minor irresistible
                  | damage on your foes. [demonic ancestry]
  2520 | D:3      | Reached XP level 5. HP: 15/38 MP: 5/8
  2537 | D:3      | Found a glowing drain.
  2629 | Sewer    | Entered a sewer
  3222 | D:3      | Noticed ZodNigurash's ghost (weakling MiGl)
  3245 | D:3      | Found a stormy altar of Qazlal.
  3246 | D:3      | Found Rearuobb's Antique Weapon Boutique.
  3532 | D:3      | Killed ZodNigurash's ghost
  3551 | D:3      | Gained mutation: Spells you cast may paralyse adjacent
                  | enemies. [demonic ancestry]
  3551 | D:3      | Reached XP level 6. HP: 45/46 MP: 10/10
  3675 | D:4      | Learned a level 1 spell: Slow
  3838 | D:4      | Found a shimmering blue altar of Sif Muna.
  3879 | D:4      | Found an opulent altar of Gozag.
  4141 | D:4      | Found a radiant altar of Vehumet.
  4502 | D:4      | Identified a scroll of acquirement
  4502 | D:4      | Acquired Furydeuz's Papyrus of Lethal Malediction
  4824 | D:5      | Entered Level 5 of the Dungeon
  4843 | D:5      | Gained mutation: You are partially covered in slimy green
                  | scales. (AC +2) [demonic ancestry]
  4843 | D:5      | Reached XP level 7. HP: 24/52 MP: 0/13
  5546 | D:5      | Found a blossoming altar of Fedhas.
  5560 | D:5      | Reached skill level 1 in Hexes
  5639 | D:5      | Reached skill level 1 in Evocations
  5703 | D:5      | Learned a level 5 spell: Borgnjor's Vile Clutch
  6012 | D:5      | HP: 1/52 [water moccasin (4)]
  6018 | D:5      | Gained mutation: You are mostly covered in slimy green
                  | scales. (AC +3) [demonic ancestry]
  6018 | D:5      | Reached XP level 8. HP: 8/58 MP: 0/14
  6582 | D:6      | Found a hide-covered altar of Uskayaw.
  6611 | D:6      | Noticed a two-headed ogre
  6639 | D:6      | Killed a two-headed ogre
  6640 | D:6      | Reached skill level 1 in Earth Magic
  7320 | D:6      | Found Iciaj's Weapon Shop.
  7460 | D:6      | Found a staircase to the Ecumenical Temple.
  7469 | Temple   | Entered the Ecumenical Temple
  7558 | Temple   | Became a worshipper of Cheibriados the Contemplative
  7688 | D:6      | Reached XP level 9. HP: 44/65 MP: 9/16
  7698 | D:6      | Reached skill level 5 in Unarmed Combat
  7805 | D:6      | Reached skill level 5 in Spellcasting
  8329 | D:7      | Noticed a centaur warrior
  8329 | D:7      | Noticed a two-headed ogre
  8342 | D:7      | Killed a centaur warrior
  8343 | D:7      | Reached skill level 5 in Transmutations
  8351 | D:7      | Killed a two-headed ogre
  8352 | D:7      | Reached skill level 1 in Invocations
  8353 | D:7      | Reached * piety under Cheibriados
  8390 | D:7      | Reached XP level 10. HP: 21/73 MP: 7/17
  9155 | D:7      | Reached ** piety under Cheibriados
  9309 | D:7      | Found Utyakeg's Antique Armour Boutique.
  9317 | D:7      | Bought a helmet for 153 gold pieces
  9532 | D:7      | Found Goar's Antique Armour Emporium.
  9543 | D:7      | Bought a pair of gloves for 99 gold pieces
  9649 | D:8      | Found a bloodstained altar of Trog.
  9675 | D:8      | Reached skill level 5 in Necromancy
  9747 | D:8      | Reached skill level 5 in Fighting
 10035 | D:8      | Noticed a two-headed ogre
 10051 | D:8      | HP: 1/111 [two-headed ogre (13)]
 10051 | D:8      | Slain by a two-headed ogre

Illustrated notes

Levels and vault maps discovered:
D:1:      shiori_arrival_oz, layout_loops_ring, serial_shops, shop_fountains,
          serial_rivers, chequers_serial_rivers_small_3,
          chequers_serial_rivers_room_b, chequers_serial_rivers_large_b,
          chequers_serial_rivers_room_a, chequers_serial_rivers_large_a
D:2:      layout_loops_ring, basic_altar, hellmonk_ecumenical_altar_crossroads,
          grunt_decor_arrowhead, small_statue_intersection
D:3:      layout_loops_ring, mainiacjoe_overflow_cross_hatched,
          nicolae_qazlal_scattered_showers, serial_shops, shop,
          gammafunk_ghost_icy, gup_sewer_entry_bubbles
D:4:      minmay_opposing_rooms, layout_rooms, nicolae_vehumet_altar_sigil,
          nicolae_gozag_cash_rules_everything_around_me, kennysheep_mini_moat,
          roderic_lattice_a, chequers_decorated_corner,
          hangedman_decor_slide_cut
D:5:      layout_rooms, kennysheep_mini, serial_corexii_hall,
          corexii_hall_statues_u, chequers_hall_statues_wall_a,
          grunt_ministairs_11
D:6:      layout_cave_pools, nicolae_uskayaw_murder_on_the_dancefloor,
          temple_hall, serial_shops, nicolae_shop_stone,
          amcnicky_mini_rare_corridor_liquid, minmay_misc_feat_enclosed,
          kennysheep_generic_room_10
D:7:      nzn_winding_woodlands_cross [nzn_winding_woodlands_5x15_twine,
          nzn_winding_woodlands_5x15_parted, nzn_winding_woodlands_5x15_pool,
          nzn_winding_woodlands_5x15_river_crossing,
          nzn_winding_woodlands_15x15_killbox], layout_gridville, serial_shops,
          kennysheep_little_box, shop_statue
D:8:      minmay_spotlight, layout_rooms, bloody_trog,
          hellmonk_guarded_unrand_zhor
Temple:   nicolae_temple_great_sept

Skill      XL: |  1  2  3  4  5  6  7  8  9 10 |
---------------+-------------------------------+-----
Unarmed Combat | 3 4 5 |  5.0
Transmutations | 2 3 4 5 |  5.9
Poison Magic   | 1 2 3 4 |  4.0
Fighting       | 2 3 4 5 |  5.0
Spellcasting   | 3 4 5 |  5.8
Dodging        | 2 3 4 |  4.0
Hexes          | 1 2 3 |  3.0
Evocations     | 1 2 3 4 |  4.3
Necromancy     | 3 4 5 |  5.0
Earth Magic    | 2 4 |  4.9
Invocations    | 2 4 |  4.1

Action                   |  1- 3 |  4- 6 |  7- 9 | 10-12 || total
-------------------------+-------+-------+-------+-------++-------
Melee: Unarmed           |   112 |   199 |   243 |   142 ||   696
       Kick              |    16 |    41 |    64 |    47 ||   168
       Punch             |     3 |     4 |     3 |    10 ||    20
       Headbutt          |    11 |    27 |    39 |    28 ||   105
       Touch             |       |    23 |    41 |    25 ||    89
 Cast: Beastly Appendage |    21 |    33 |    23 |    15 ||    92
       Wereblood         |    12 |    30 |    22 |    13 ||    77
       Spider Form       |       |       |     3 |       ||     3
Evoke: Wand              |       |       |     6 |     9 ||    15
  Use: Scroll            |       |    13 |     7 |       ||    20
       Potion            |       |     2 |     4 |     1 ||     7
 Stab: Sleeping          |     1 |       |       |       ||     1
       Paralysed         |       |     5 |    21 |    12 ||    38
Armor: Robe              |    17 |    33 |    51 |    24 ||   125
       Steam dragon scal |       |       |       |     5 ||     5
       Skin              |       |       |       |     2 ||     2
Dodge: Dodged            |    68 |   139 |   160 |    91 ||   458
